 Dungeon Crawl Stone Soup version 0.23.1-42-g8abd8fc (webtiles) character file.

Game seed: 11838083723238779906

369 dengdeng the Chopper (level 7, -2/81 HPs)
             Began as a Human Berserker on Mar 30, 2019.
             Was a Priest of Trog.
             Splashed by a jelly's acid (7 damage)
             ... on level 5 of the Dungeon.
             The game lasted 00:20:21 (4680 turns).

dengdeng the Chopper (Human Berserker)              Turns: 4680, Time: 00:20:23

Health: -2/81      AC: -8    Str: 24    XL:     7   Next: 1%
Magic:  7/7        EV: 11    Int: 10    God:    Trog [***...]
Gold:   344        SH:  0    Dex: 12    Spells: 6/6 levels left

rFire    x . .     SeeInvis .   a - +1 hand axe
rCold    + + .     Gourm    .   (no shield)
rNeg     . . .     Faith    .   i - +0 scale mail {rC+}
rPois    .         Spirit   .   f - +0 helmet
rElec    .         Reflect  .   (no cloak)
rCorr    .         Harm     .   (no gloves)
MR       .....                  u - +2 pair of boots
Stlth    ..........             (no amulet)
HPRegen  0.23/turn              q - ring of ice
MPRegen  0.10/turn              h - +2 ring of intelligence

@: berserking, lethally poisoned (-2 -> -5), corroded, very quick
A: no striking features
a: Berserk, Trog's Hand, Renounce Religion


You were on level 5 of the Dungeon.
You worshipped Trog.
Trog was most pleased with you.
You were very hungry.

You visited 1 branch of the dungeon, and saw 5 of its levels.

You collected 344 gold pieces.

Inventory:

Hand Weapons
 a - a +1 hand axe (weapon)
Missiles
 d - 162 stones (quivered)
 e - 11 tomahawks
Armour
 f - a +0 helmet (worn)
 i - a +0 scale mail of cold resistance (worn)
 u - a +2 pair of boots (worn)
Jewellery
 h - a +2 ring of intelligence (right hand)
 q - a ring of ice (left hand)
Scrolls
 m - a scroll of enchant armour {unknown}
 p - 3 scrolls of teleportation {unknown}
 r - 3 scrolls of identify
 t - a scroll of magic mapping
Potions
 g - a potion of lignification
 j - 3 potions of curing
 k - a potion of degeneration {unknown}
 l - a potion of invisibility {unknown}
 o - a potion of heal wounds {unknown}
 s - a potion of flight {unknown}
Comestibles
 b - a chunk of flesh
 c - 7 rations


   Skills:
 + Level 4.1 Fighting
 + Level 5.2 Axes
 + Level 2.3 Throwing
 + Level 3.0 Armour
 + Level 2.7 Dodging
 + Level 0.5 Stealth


You had 6 spell levels left.
You didn't know any spells.
Your spell library was empty.

Dungeon Overview and Level Annotations

Branches:
Dungeon (5/15)
 Temple: D:4-7

Altars:
Makhleb
Vehumet
Xom


Message History

A red film seems to cover your vision as you go berserk!
You feel yourself moving faster!
You feel mighty!
You are feeling very hungry.
The adder bites you.
* * * LOW HITPOINT WARNING * * *
You are more poisoned.
The adder poisons you! The jelly closely misses you.
You closely miss the adder.
The adder is moderately wounded.
You hit the jelly. The acid corrodes you!
Your hands burn!
* * * LOW HITPOINT WARNING * * *
The adder closely misses you.
You closely miss the adder.
The adder is moderately wounded.
You hit the jelly but do no damage. The acid corrodes you!
Your hands burn!
* * * LOW HITPOINT WARNING * * *
You feel sick. The jelly hits you.
* * * LOW HITPOINT WARNING * * *
You are splashed with acid!
You die...

.... .. #
..#.## #.##.#
......##...#.#
......#..:...##
...............
#............##
#.....J........
......S@.......
#####...#######
#####


You could see a jelly and an adder.

Vanquished Creatures
  A scorpion (D:4)
  A crimson imp (D:4)
  A jelly (D:4)
  Ijyb (D:3)
  Robin (D:3)
  11 adders
  4 worms (D:2)
  3 dart slugs
  A leopard gecko (D:4)
  8 orcs
  A ball python (D:1)
  5 giant cockroaches
  14 goblins
  7 hobgoblins
  8 jackals
  9 kobolds
  2 quokkas
  6 bats
  2 frilled lizards (D:3)
  A quokka skeleton (D:4)
  15 rats
102 creatures vanquished.

Vanquished Creatures (others)
  4 toadstools (D:2)
4 creatures vanquished.

Grand Total: 106 creatures vanquished

Notes
Turn   | Place    | Note
-------+----------+-------------------------------------------
     0 | D:1      | dengdeng the Human Berserker began the quest for the Orb.
     0 | D:1      | Reached XP level 1. HP: 18/18 MP: 1/1
   233 | D:1      | Reached XP level 2. HP: 24/24 MP: 2/2
   803 | D:1      | Reached XP level 3. HP: 29/29 MP: 3/3
   849 | D:1      | You fall through a shaft!
   992 | D:1      | Reached ** piety under Trog
  1459 | D:2      | Reached XP level 4. HP: 16/35 MP: 4/4
  1838 | D:2      | Found a shimmering altar of Xom.
  1919 | D:2      | Reached skill level 1 in Throwing
  2817 | D:3      | Reached skill level 4 in Axes
  2821 | D:3      | Reached XP level 5. HP: 38/41 MP: 5/5
  2908 | D:3      | Noticed Ijyb
  2918 | D:3      | Paralysed by Ijyb for 5 turns
  2938 | D:3      | Killed Ijyb
  3275 | D:3      | Noticed Robin
  3307 | D:3      | Killed Robin
  3491 | D:3      | Reached XP level 6. HP: 48/48 MP: 6/6
  3884 | D:3      | Reached *** piety under Trog
  4184 | D:4      | Found a radiant altar of Vehumet.
  4190 | D:4      | Found a burning altar of Makhleb.
  4195 | D:4      | Reached skill level 5 in Axes
  4393 | D:4      | Reached XP level 7. HP: 49/54 MP: 7/7
  4667 | D:5      | Entered Level 5 of the Dungeon
  4680 | D:5      | Splashed by a jelly's acid

Skill      XL: |  1  2  3  4  5  6 |
---------------+-------------------+-----
Throwing       | 1 2 |  2.3
Axes           | 4 5 |  5.2
Fighting       | 4 |  4.1
Armour         | 3 |  3.0
Dodging        | |  2.7
Stealth        | |  0.5

Action                   |  1- 3 |  4- 6 |  7- 9 || total
-------------------------+-------+-------+-------++-------
Melee: Hand axe          |   103 |   232 |    20 ||   355
Throw: Stone             |    46 |    87 |    12 ||   145
Invok: Berserk           |     1 |     1 |     1 ||     3
  Use: Scroll            |       |     3 |       ||     3
       Potion            |       |     1 |       ||     1
 Stab: Sleeping          |     2 |     1 |       ||     3
  Eat: Chunk             |     3 |    10 |     1 ||    14
Armor: Animal skin       |    19 |       |       ||    19
       Ring mail         |       |    56 |       ||    56
       Leather armour    |       |     4 |       ||     4
       Scale mail        |       |    13 |    11 ||    24
Dodge: Dodged            |    68 |   131 |    12 ||   211
